 Dungeon Crawl Stone Soup version 0.29-a0-925-g0a7a3d12f8 (webtiles) character file.

Game seed: 6952900402588756086

60 concernfroge the Trooper (level 3, -1/32 HPs)
             Began as a Mummy Monk on July 30, 2022.
             Slain by a goblin
             ... wielding a +0 dagger
             ... led by Robin
              (3 damage)
             ... on level 2 of the Dungeon.
             The game lasted 00:02:20 (1545 turns).

concernfroge the Trooper (Mummy Monk)               Turns: 1545, Time: 00:02:21

Health: -1/32      AC:  3    Str: 16    XL:     3   Next: 82%
Magic:  3/3        EV: 12    Int:  9    God:
Gold:   48         SH:  0    Dex: 14    Spells: 2/2 levels left

rFire   x . .      SeeInvis .   a - +0 spear
rCold   + . .      Faith    .   (no shield)
rNeg    + + +      Spirit   .   e - +0 leather armour
rPois   ∞          Reflect  .   (no helmet)
rElec   .          Harm     .   (no cloak)
rCorr   .          Rampage  .   (no gloves)
Will    .....                   (no boots)
Stlth   ++........              (no amulet)
HPRegen 0.10/turn               (no ring)
MPRegen 0.08/turn               (no ring)

@: no status effects
A: cold resistance 1, negative energy resistance 3, torment resistance 2, heat
vulnerability 1, in touch with death 1, no potions
a: no special abilities


You were on level 2 of the Dungeon.
You visited 1 branch of the dungeon, and saw 2 of its levels.

You collected 48 gold pieces.

Inventory:

Hand Weapons
 a - a +0 spear (weapon)
Armour
 e - a +0 leather armour (worn)
Scrolls
 b - a scroll of enchant armour
 c - a scroll of fear


   Skills:
 + Level 4.8 Fighting
 - Level 2.4 Polearms
 - Level 2.4 Dodging
 - Level 1.5 Stealth


You had 2 spell levels left.
You didn't know any spells.
Your spell library was empty.

Dungeon Overview and Level Annotations

Branches:
Dungeon (2/15)

Altars:


Innate Abilities, Weirdness & Mutations

You are immune to poison.
Your flesh is cold resistant. (rC+)
You are immune to negative energy. (rN+++)
You are immune to unholy pain and torment.
You are vulnerable to heat. (rF-)
You are in touch with the powers of death.
You do not drink.


Message History

The hobgoblin closely misses you. The goblin barely misses you.
Robin is engulfed in poison gas.
Robin is poisoned.
Robin hits you with a +0 dagger. The goblin closely misses you.
You hit the hobgoblin.
The hobgoblin is severely wounded.
The adder is engulfed in poison gas.
The adder looks even sicker.
You kill the adder!
The goblin hits you with a +0 club.
A goblin comes into view. It is wielding a +0 dagger.
The hobgoblin hits you. The goblin completely misses you.
Robin is engulfed in poison gas.
Robin looks even sicker.
You closely miss the hobgoblin.
The goblin shouts!
Your punch misses the hobgoblin.
The hobgoblin is severely wounded.
The goblin barely misses you. The goblin closely misses you.
Robin is engulfed in poison gas.
Robin looks even sicker.
The hobgoblin hits you.
You hit the hobgoblin.
The hobgoblin is almost dead.
The goblin no longer looks unusually strong.
The goblin hits you with a +0 club.
* * * LOW HITPOINT WARNING * * *
The goblin hits you with a +0 club.
* * * LOW HITPOINT WARNING * * *
The hobgoblin misses you.
Robin is engulfed in poison gas.
Robin looks as sick as possible!
Robin completely misses you.
You completely miss the hobgoblin.
The hobgoblin is almost dead.
You kill Robin!
The goblin no longer looks unusually strong.
The goblin hits you with a +0 club.
* * * LOW HITPOINT WARNING * * *
The goblin closely misses you. The hobgoblin barely misses you.
The hobgoblin no longer looks unusually strong.
The goblin seems to regain its courage.
A hobgoblin comes into view.
A goblin comes into view. It is wielding a +0 club.
The goblin hits you with a +0 dagger.
You die...

#########........#
##...###.# #...# #.#
#...# #.. #...# ##† #
## ##### #...####. #.
#§##.§#.##..#.##.)
#§§##g#g§##.#g.##.#..
#§@gg##....##...†##
#☼g♣♣.#..♣♣.#..♣♣.#.
♣.§#g
♣K§#.♣♣..#.♣♣..# .§§§
#g..§##....##....##
#§#
.#.##§.#.##!.#.##.. #
.# §.##.#..##.#.. ##
## ..## ..## ♣♣. ♣.#
♣ ..


You could see 2 hobgoblins and 5 goblins.

Vanquished Creatures
  Robin (D:2)
  An adder (D:2)
  A dart slug (D:1)
  6 ball pythons (D:1)
  5 endoplasms
  4 giant cockroaches (D:1)
  2 hobgoblins
  3 quokkas
  4 bats
  4 kobolds
  5 rats (D:1)
36 creatures vanquished.

Notes
Turn   | Place    | Note
-------+----------+-------------------------------------------
     0 | D:1      | concernfroge the Mummy Monk began the quest for the Orb.
     0 | D:1      | Reached XP level 1. HP: 18/18 MP: 1/1
   357 | D:1      | Reached XP level 2. HP: 12/24 MP: 2/2
   748 | D:1      | Reached skill level 4 in Fighting
  1061 | D:1      | Gained mutation: You are in touch with the powers of death.
                  | [Mummy growth]
  1061 | D:1      | Reached XP level 3. HP: 24/30 MP: 3/3
  1524 | D:2      | Noticed Robin
  1544 | D:2      | Killed Robin
  1545 | D:2      | Slain by a goblin

Illustrated notes

Levels and vault maps discovered:
D:1:      matt_arrival_spirals, layout_loops_ring
D:2:      layout_basic, nicolae_eternal_life, nicolae_figureground_pulse,
          uniq_natasha, uniq_robin

Skill      XL: |  1  2 |
---------------+-------+-----
Fighting       | 4 |  4.8
Polearms       | |  2.4
Dodging        | |  2.4
Stealth        | |  1.5

Action                   || total
-------------------------++-------
Melee: Spear             ||   136
       Punch             ||     2
  Use: Scroll            ||     4
 Stab: Sleeping          ||    11
       Distracted        ||     1
Armor: Robe              ||    10
       Leather armour    ||     9
Dodge: Dodged            ||    91

Table legend: (Time is in decaauts)
 A = Elapsed time spent in this place.
 B = Non-inter-level travel time spent in this place.
 C = Inter-level travel time spent in this place.
 D = Time resting spent in this place.
 E = Time spent auto-exploring this place.
 F = Levels seen in this place.
 G = Mean time per level.
                   A        B        C        D        E       F      G
               +--------+--------+--------+--------+--------+-----+--------+
         Total |   1541 |   1496 |     45 |      0 |   1232 |   2 |  770.5 |
       Dungeon |   1541 |   1496 |     45 |      0 |   1232 |   2 |  770.5 |
               +--------+--------+--------+--------+--------+-----+--------+

Top non-repeatable levels by time:
     D:1: 1389 daAuts
     D:2: 152 daAuts
